TOP OF THE 1ST |
Missoula Osprey batting - Pitching for Billings Mustangs : RHP Matt Johnson
|
Pitching: RHP Matt Johnson
|
|
Batting: SHB Roger Holmes
|
0-0: Ground out U3 (Groundball, 3S, EV 76.3 MPH)
|
Batting: RHB Ernesto Zamora
|
0-0: Ball 1-0: DOUBLE (Groundball, 5L, EV 108.1 MPH)
|
Batting: SHB Blaine Peters
|
0-0: Ball 1-0: Swinging Strike 1-1: Ball Ernesto Zamora steals 3rd base 2-1: Ball 3-1: Called Strike 3-2: Strikes out looking
|
Batting: RHB Antonio Luisa
|
0-0: SINGLE (Groundball, 3D, EV 100.0 MPH) Ernesto Zamora scores
|
Batting: RHB Chad Mendoza
|
0-0: Foul Ball, location: 2F 0-1: Foul Ball, location: 2F 0-2: Foul Ball, location: 2F 0-2: Ground out 3-1 (Groundball, 34S, EV 80.6 MPH)
|
Top of the 1st over - 1 run, 2 hits, 0 errors, 1 left on base; Missoula 1 - Billings 0 |
BOTTOM OF THE 1ST |
Billings Mustangs batting - Pitching for Missoula Osprey : RHP Jorge Gallegos
|
Pitching: RHP Jorge Gallegos
|
|
Batting: RHB Cyd Carver
|
0-0: Called Strike 0-1: Called Strike 0-2: Ball 1-2: SINGLE (Groundball, 6S, EV 74.4 MPH) (infield hit)
|
Batting: RHB Nick Miller
|
0-0: Ball Cyd Carver steals 2nd base 1-0: Ball 2-0: Fly out, F9 (Flyball, 9, EV 89.4 MPH)
|
Batting: LHB David Moore
|
0-0: Called Strike 0-1: Ball 1-1: Fly out, F8 (Flyball, 8RS, EV 95.6 MPH)
|
Batting: RHB Jonathan Robies
|
0-0: Called Strike 0-1: Ball 1-1: Called Strike 1-2: Ball 2-2: Strikes out swinging wild pitch, reaches first! Cyd Carver to third
|
Batting: LHB Jon Goddard
|
0-0: Ball 1-0: Called Strike 1-1: Foul Ball, location: 2F 1-2: Foul Ball, location: 2F 1-2: Strikes out swinging
|
Bottom of the 1st over - 0 runs, 1 hit, 0 errors, 2 left on base; Missoula 1 - Billings 0 |
TOP OF THE 2ND |
Missoula Osprey batting - Pitching for Billings Mustangs : RHP Matt Johnson
|
Batting: LHB Dillon Rizzuto
|
0-0: Called Strike 0-1: Swinging Strike 0-2: Fly out, F2 (Popup, 5SF, EV 76.9 MPH)
|
Batting: LHB Jeff Harmon
|
0-0: Ball 1-0: Called Strike 1-1: Swinging Strike 1-2: Strikes out swinging
|
Batting: SHB Lee Dillon
|
0-0: Called Strike 0-1: Ball 1-1: Ball 2-1: Ground out 4-3 (Groundball, 4, EV 81.3 MPH)
|
Top of the 2nd over - 0 runs, 0 hits, 0 errors, 0 left on base; Missoula 1 - Billings 0 |
BOTTOM OF THE 2ND |
Billings Mustangs batting - Pitching for Missoula Osprey : RHP Jorge Gallegos
|
Batting: RHB Jay Jacobson
|
0-0: Ball 1-0: Ball 2-0: Ball 3-0: Base on Balls
|
Batting: RHB Yutaka Sato
|
0-0: Called Strike 0-1: Ball 1-1: Ball 2-1: Swinging Strike 2-2: Ball 3-2: Base on Balls Jay Jacobson to second
|
Batting: RHB Hector Maldonado
|
0-0: 3-RUN HOME RUN (Line Drive, 78XD, EV 104.4 MPH), Distance : 396 ft
|
Batting: RHB Jon Monteith
|
0-0: Called Strike 0-1: Ball 1-1: Ball 2-1: Foul Ball, location: 2F 2-2: Ball 3-2: Foul Ball, location: 2F 3-2: Strikes out swinging
|
Batting: RHB Cyd Carver
|
0-0: Ball 1-0: Called Strike 1-1: Foul Ball, location: 2F 1-2: Strikes out looking
|
Batting: RHB Nick Miller
|
0-0: SINGLE (Groundball, P, EV 80.6 MPH) (infield hit)
|
Batting: LHB David Moore
|
0-0: Ball Nick Miller is caught stealing 2nd base 2-6
|
Bottom of the 2nd over - 3 runs, 2 hits, 0 errors, 0 left on base; Missoula 1 - Billings 3 |
TOP OF THE 3RD |
Missoula Osprey batting - Pitching for Billings Mustangs : RHP Matt Johnson
|
Batting: RHB Hyeok Shon
|
0-0: Ball 1-0: Foul Ball, location: 2F 1-1: Ground out 6-3 (Groundball, 6S, EV 82.5 MPH)
|
Batting: SHB Roger Holmes
|
0-0: Foul Ball, location: 2F 0-1: Foul Ball, location: 2F 0-2: Foul Ball, location: 2F 0-2: Strikes out swinging
|
Batting: RHB Ernesto Zamora
|
0-0: DOUBLE (Flyball, 8LXD, EV 94.4 MPH)
|
Batting: SHB Blaine Peters
|
0-0: Swinging Strike 0-1: Ball 1-1: Foul Ball, location: 2F 1-2: Ball 2-2: Foul Ball, location: 2F 2-2: Foul Ball, location: 2F 2-2: Ground out 4-3 (Groundball, 4, EV 100.0 MPH)
|
Top of the 3rd over - 0 runs, 1 hit, 0 errors, 1 left on base; Missoula 1 - Billings 3 |
BOTTOM OF THE 3RD |
Billings Mustangs batting - Pitching for Missoula Osprey : RHP Jorge Gallegos
|
Batting: LHB David Moore
|
0-0: Called Strike 0-1: Ground out 4-3 (Groundball, 4, EV 95.0 MPH)
|
Batting: RHB Jonathan Robies
|
0-0: Called Strike 0-1: Called Strike 0-2: Ball 1-2: Foul Ball, location: 2F 1-2: Ball 2-2: Strikes out looking
|
Batting: LHB Jon Goddard
|
0-0: Swinging Strike 0-1: Called Strike 0-2: Ball 1-2: Hit by Pitch
|
Batting: RHB Jay Jacobson
|
0-0: Swinging Strike 0-1: Ball 1-1: Called Strike 1-2: Strikes out looking
|
Bottom of the 3rd over - 0 runs, 0 hits, 0 errors, 1 left on base; Missoula 1 - Billings 3 |
TOP OF THE 4TH |
Missoula Osprey batting - Pitching for Billings Mustangs : RHP Matt Johnson
|
Batting: RHB Antonio Luisa
|
0-0: Called Strike 0-1: Ball 1-1: Foul Ball, location: 2F 1-2: Ball 2-2: Ball 3-2: Strikes out swinging
|
Batting: RHB Chad Mendoza
|
0-0: Called Strike 0-1: Called Strike 0-2: Strikes out swinging
|
Batting: LHB Dillon Rizzuto
|
0-0: Swinging Strike 0-1: Ball 1-1: Ball 2-1: Foul Ball, location: 2F 2-2: Strikes out swinging
|
Top of the 4th over - 0 runs, 0 hits, 0 errors, 0 left on base; Missoula 1 - Billings 3 |
BOTTOM OF THE 4TH |
Billings Mustangs batting - Pitching for Missoula Osprey : RHP Jorge Gallegos
|
Batting: RHB Yutaka Sato
|
0-0: Called Strike 0-1: Ball 1-1: Called Strike 1-2: Strikes out looking
|
Batting: RHB Hector Maldonado
|
0-0: Swinging Strike 0-1: Swinging Strike 0-2: Strikes out swinging
|
Batting: RHB Jon Monteith
|
0-0: Ball 1-0: Called Strike 1-1: Called Strike 1-2: Ball 2-2: Ball 3-2: Strikes out swinging
|
Bottom of the 4th over - 0 runs, 0 hits, 0 errors, 0 left on base; Missoula 1 - Billings 3 |
TOP OF THE 5TH |
Missoula Osprey batting - Pitching for Billings Mustangs : RHP Matt Johnson
|
Batting: LHB Jeff Harmon
|
0-0: Swinging Strike 0-1: Ball 1-1: Foul Ball, location: 2F 1-2: Ball 2-2: Strikes out swinging
|
Batting: SHB Lee Dillon
|
0-0: Ball 1-0: Ball 2-0: TRIPLE (Line Drive, 89XD, EV 105.0 MPH)
|
Batting: RHB Hyeok Shon
|
0-0: Called Strike 0-1: Ball 1-1: Called Strike 1-2: Ball 2-2: Ball 3-2: Strikes out swinging
|
Batting: SHB Roger Holmes
|
0-0: Foul Ball, location: 2F 0-1: Ball 1-1: Ball 2-1: Called Strike 2-2: Ball 3-2: Foul Ball, location: 2F 3-2: Foul Ball, location: 2F 3-2: Foul Ball, location: 2F 3-2: Foul Ball, location: 2F 3-2: Foul Ball, location: 2F 3-2: SINGLE (Flyball, 89S, EV 90.0 MPH) Lee Dillon scores
|
Batting: RHB Ernesto Zamora
|
0-0: Ball Roger Holmes steals 2nd base 1-0: Ball 2-0: Swinging Strike 2-1: Ground out 4-3 (Groundball, 4, EV 81.9 MPH)
|
Top of the 5th over - 1 run, 2 hits, 0 errors, 1 left on base; Missoula 2 - Billings 3 |
BOTTOM OF THE 5TH |
Billings Mustangs batting - Pitching for Missoula Osprey : RHP Jorge Gallegos
|
Batting: RHB Cyd Carver
|
0-0: Ball 1-0: SINGLE (Groundball, 34D, EV 110.0 MPH)
|
Batting: RHB Nick Miller
|
0-0: Called Strike 0-1: Ball 1-1: Ball 2-1: 2-RUN HOME RUN (Line Drive, 78XD, EV 105.0 MPH), Distance : 393 ft
|
Pitching: RHP Jaden Peterson
|
|
Batting: LHB David Moore
|
0-0: Ball 1-0: Ball 2-0: Ball 3-0: Base on Balls
|
Batting: RHB Jonathan Robies
|
0-0: Ball 1-0: Ball 2-0: Called Strike 2-1: Ball 3-1: Swinging Strike 3-2: Strikes out swinging
|
Batting: LHB Jon Goddard
|
0-0: Ball 1-0: Ball 2-0: Called Strike 2-1: SINGLE (Groundball, 34D, EV 94.4 MPH) David Moore to second
|
Batting: RHB Jay Jacobson
|
0-0: Ball 1-0: Called Strike 1-1: Ball 2-1: Swinging Strike 2-2: Ball 3-2: Foul Ball, location: 2F 3-2: SINGLE (Flyball, 9LS, EV 92.5 MPH) David Moore to third Jon Goddard to second
|
Pitching: RHP John Petersen
|
|
Batting: RHB Yutaka Sato
|
0-0: SINGLE (Line Drive, 5D, EV 96.3 MPH) David Moore scores Jon Goddard to third Jay Jacobson to second Throwing error, E7 Jon Goddard scores Jay Jacobson to third Yutaka Sato to second
|
Batting: RHB Hector Maldonado
|
0-0: Foul Ball, location: 2F 0-1: SINGLE (Groundball, 5S, EV 74.4 MPH) (infield hit) Jay Jacobson scores Yutaka Sato to third
|
Batting: RHB Jon Monteith
|
0-0: Foul Ball, location: 2F 0-1: Foul Ball, location: 2F 0-2: Foul Ball, location: 2F 0-2: Grounds into double play, 4-6-3 (Groundball, 4, EV 82.5 MPH)
|
Bottom of the 5th over - 5 runs, 6 hits, 1 error, 1 left on base; Missoula 2 - Billings 8 |
TOP OF THE 6TH |
Missoula Osprey batting - Pitching for Billings Mustangs : RHP Matt Johnson
|
Batting: SHB Blaine Peters
|
0-0: Called Strike 0-1: Ball 1-1: Ball 2-1: Swinging Strike 2-2: Foul Ball, location: 2F 2-2: Ground out 4-3 (Groundball, 4, EV 103.8 MPH)
|
Batting: RHB Antonio Luisa
|
0-0: Called Strike 0-1: SINGLE (Groundball, 4MD, EV 98.8 MPH)
|
Batting: RHB Chad Mendoza
|
0-0: Ball 1-0: Fielders Choice at 2nd, 3-6 (Groundball, 13, EV 88.8 MPH)
|
Batting: LHB Dillon Rizzuto
|
0-0: Ball 1-0: Ball Passed Ball! Chad Mendoza to second 2-0: Called Strike 2-1: Fly out, F6 (Flyball, 4MD, EV 86.9 MPH)
|
Top of the 6th over - 0 runs, 1 hit, 0 errors, 1 left on base; Missoula 2 - Billings 8 |
BOTTOM OF THE 6TH |
Billings Mustangs batting - Pitching for Missoula Osprey : RHP John Petersen
|
Batting: RHB Cyd Carver
|
0-0: Ball 1-0: Called Strike 1-1: Ball 2-1: Foul Ball, location: 2F 2-2: Ball 3-2: Base on Balls
|
Batting: RHB Nick Miller
|
0-0: Called Strike 0-1: Ball 1-1: Ball 2-1: Ball 3-1: Base on Balls Cyd Carver to second
|
Pitching: RHP Rick Foster
|
|
Batting: LHB David Moore
|
0-0: Ball 1-0: Swinging Strike 1-1: Foul Ball, location: 2F 1-2: Ball 2-2: Ball 3-2: Base on Balls Cyd Carver to third Nick Miller to second
|
Batting: RHB Jonathan Robies
|
0-0: Ball 1-0: Foul Ball, location: 2F 1-1: Foul Ball, location: 2F 1-2: Foul Ball, location: 2F 1-2: Ball Wild Pitch! Cyd Carver scores Nick Miller to third David Moore to second 2-2: SINGLE (Flyball, 9LS, EV 95.6 MPH) Nick Miller scores David Moore to third
|
Batting: LHB Jon Goddard
|
0-0: Called Strike 0-1: Ball 1-1: Grounds into double play, 6-4-3 (Groundball, 6, EV 88.1 MPH) David Moore scores
|
Batting: RHB Jay Jacobson
|
0-0: Ball 1-0: Called Strike 1-1: Ball 2-1: Foul Ball, location: 2F 2-2: Ball 3-2: DOUBLE (Line Drive, 9LM, EV 93.1 MPH)
|
Pitching: LHP Heath Henderson
|
|
Batting: RHB Yutaka Sato
|
0-0: Called Strike 0-1: Ball 1-1: Foul Ball, location: 2F 1-2: Ball 2-2: Ground out 6-3 (Groundball, P, EV 90.0 MPH)
|
Bottom of the 6th over - 3 runs, 2 hits, 0 errors, 1 left on base; Missoula 2 - Billings 11 |
TOP OF THE 7TH |
Missoula Osprey batting - Pitching for Billings Mustangs : RHP Matt Johnson
|
Pitching: RHP Juan Hernandez
|
|
Batting: LHB Jeff Harmon
|
0-0: Swinging Strike 0-1: Ball 1-1: Called Strike 1-2: SINGLE (Groundball, 34D, EV 103.1 MPH)
|
Pitching: LHP Paul Fuller
|
|
Batting: SHB Lee Dillon
|
0-0: Foul Ball, location: 2F 0-1: Foul Ball, location: 2F 0-2: Ball 1-2: Strikes out swinging
|
Batting: RHB Hyeok Shon
|
0-0: Called Strike 0-1: Foul Ball, location: 2F 0-2: Strikes out swinging
|
Batting: SHB Roger Holmes
|
0-0: Ball 1-0: Called Strike 1-1: Swinging Strike 1-2: Strikes out swinging
|
Top of the 7th over - 0 runs, 1 hit, 0 errors, 1 left on base; Missoula 2 - Billings 11 |
BOTTOM OF THE 7TH |
Billings Mustangs batting - Pitching for Missoula Osprey : LHP Heath Henderson
|
Batting: RHB Hector Maldonado
|
0-0: Ball 1-0: Swinging Strike 1-1: Ball 2-1: Ball 3-1: Base on Balls
|
Batting: RHB Jon Monteith
|
0-0: Foul Ball, location: 2F 0-1: Called Strike 0-2: Strikes out swinging
|
Batting: RHB Cyd Carver
|
0-0: Reached on error, E3 (Groundball, 34S, EV 93.1 MPH) Hector Maldonado to second
|
Batting: RHB Nick Miller
|
0-0: SINGLE (Line Drive, 78S, EV 109.4 MPH) Hector Maldonado to third Cyd Carver to second
|
Batting: LHB David Moore
|
0-0: Swinging Strike 0-1: SINGLE (Groundball, 4MD, EV 95.0 MPH) Hector Maldonado scores Cyd Carver to third Nick Miller to second Runner from 3rd tries for Home, SAFE, throw by CF to home
|
Batting: RHB Jonathan Robies
|
0-0: Foul Ball, location: 2F 0-1: Ball 1-1: Foul Ball, location: 2F 1-2: SINGLE (Groundball, 6MD, EV 94.4 MPH) Nick Miller to third David Moore to second Throwing error, E8 Nick Miller scores David Moore to third Jonathan Robies to second
|
Pitching: RHP Edwin Romero
|
|
Batting: LHB Jon Goddard
|
0-0: Swinging Strike 0-1: Hit by Pitch
|
Batting: RHB Jay Jacobson
|
0-0: Ball 1-0: Foul Ball, location: 2F 1-1: Ball 2-1: Ball 3-1: Base on Balls David Moore scores Jonathan Robies to third Jon Goddard to second
|
Batting: RHB Yutaka Sato
|
0-0: Called Strike 0-1: Ball Wild Pitch! Jonathan Robies scores Jon Goddard to third Jay Jacobson to second 1-1: Ball 2-1: Ground out 6-3 (Groundball, 6MS, EV 85.6 MPH) Jon Goddard scores Jay Jacobson to third
|
Batting: RHB Hector Maldonado
|
0-0: Ball 1-0: Ball 2-0: Ball 3-0: Called Strike 3-1: Base on Balls
|
Batting: RHB Jon Monteith
|
0-0: Called Strike 0-1: Ball 1-1: Ball 2-1: 3-RUN HOME RUN (Flyball, 89XD, EV 104.4 MPH), Distance : 406 ft
|
Batting: RHB Cyd Carver
|
0-0: Ball 1-0: Foul Ball, location: 2F 1-1: Ball 2-1: Ball 3-1: Base on Balls
|
Batting: RHB Nick Miller
|
0-0: Called Strike 0-1: Swinging Strike 0-2: Ball 1-2: Ball 2-2: Foul Ball, location: 2F 2-2: Ball 3-2: Foul Ball, location: 2F 3-2: Fly out, F9 (Flyball, 9D, EV 95.6 MPH)
|
Bottom of the 7th over - 9 runs, 4 hits, 2 errors, 1 left on base; Missoula 2 - Billings 20 |
TOP OF THE 8TH |
Missoula Osprey batting - Pitching for Billings Mustangs : LHP Paul Fuller
|
Batting: RHB Ernesto Zamora
|
0-0: Called Strike 0-1: Ball 1-1: Called Strike 1-2: Foul Ball, location: 2F 1-2: Ball 2-2: Foul Ball, location: 2F 2-2: Ground out 6-3 (Groundball, 6M, EV 91.3 MPH)
|
Batting: SHB Blaine Peters
|
0-0: Called Strike 0-1: Swinging Strike 0-2: Ball 1-2: Foul Ball, location: 2F 1-2: Ball 2-2: Strikes out looking
|
Batting: RHB Antonio Luisa
|
0-0: Called Strike 0-1: Ball 1-1: Called Strike 1-2: Ball 2-2: Ground out U3 (Groundball, 34D, EV 80.0 MPH)
|
Top of the 8th over - 0 runs, 0 hits, 0 errors, 0 left on base; Missoula 2 - Billings 20 |
BOTTOM OF THE 8TH |
Billings Mustangs batting - Pitching for Missoula Osprey : RHP Edwin Romero
|
Batting: LHB David Moore
|
0-0: Ball 1-0: Ball 2-0: Ball 3-0: Base on Balls
|
Batting: RHB Jonathan Robies
|
0-0: Called Strike 0-1: Fly out, F9 (Flyball, 89M, EV 87.5 MPH)
|
Batting: LHB Jon Goddard
|
0-0: Called Strike 0-1: Ball 1-1: Ball 2-1: Ball 3-1: Foul Ball, location: 2F 3-2: Base on Balls David Moore to second
|
Batting: RHB Jay Jacobson
|
0-0: Foul Ball, location: 2F 0-1: Called Strike 0-2: Ball 1-2: Ball 2-2: Ball 3-2: Fly out, F8 (Flyball, 8RXD, EV 89.4 MPH) Runner from 2nd tags up, SAFE at 3rd, no throw by CF
|
Pitching: RHP Jonathan Mora
|
|
Batting: RHB Yutaka Sato
|
0-0: Ball 1-0: Foul Ball, location: 2F 1-1: Ball 2-1: Ball 3-1: Base on Balls Jon Goddard to second
|
Batting: RHB Hector Maldonado
|
0-0: Ball Wild Pitch! David Moore scores Jon Goddard to third Yutaka Sato to second 1-0: Foul Ball, location: 2F 1-1: Ball 2-1: Called Strike 2-2: Strikes out swinging
|
Bottom of the 8th over - 1 run, 0 hits, 0 errors, 2 left on base; Missoula 2 - Billings 21 |
TOP OF THE 9TH |
Missoula Osprey batting - Pitching for Billings Mustangs : LHP Paul Fuller
|
Batting: RHB Chad Mendoza
|
0-0: Called Strike 0-1: Ball 1-1: Ball 2-1: Foul Ball, location: 2F 2-2: DOUBLE (Line Drive, 89D, EV 106.3 MPH)
|
Batting: LHB Dillon Rizzuto
|
0-0: Ball 1-0: Called Strike 1-1: Ball 2-1: Swinging Strike 2-2: Strikes out swinging, 2-3 out at first.
|
Pitching: RHP Tim Beck
|
|
Batting: LHB Jeff Harmon
|
0-0: Ball 1-0: 2-RUN HOME RUN (Flyball, 8LXD, EV 115.0 MPH), Distance : 422 ft
|
Batting: SHB Lee Dillon
|
0-0: Ball 1-0: Called Strike 1-1: Ball 2-1: Foul Ball, location: 2F 2-2: Ball 3-2: Strikes out swinging
|
Pinch Hitting: SHB Evan Armagost
|
0-0: Ball 1-0: Ground out 4-3 (Groundball, 34, EV 109.4 MPH)
|
Top of the 9th over - 2 runs, 2 hits, 0 errors, 0 left on base; Missoula 4 - Billings 21 |
|